 Dungeon Crawl Stone Soup version 0.31.0-32-g396128a36d (webtiles) character file.

Game seed: 2380225101267952758

89 Econoterrorist the Cudgeller (level 4, -2/39 HPs)
             Began as a Minotaur Fighter on Apr 15, 2024.
             Slain by Crazy Yiuf
             ... wielding a +2 quarterstaff of chaos
              (7 damage)
             ... on level 2 of the Dungeon.
             The game lasted 00:03:45 (1504 turns).

Econoterrorist the Cudgeller (Minotaur Fighter)     Turns: 1504, Time: 00:03:46

Health: -2/39      AC:  6    Str: 20    XL:     4   Next: 31%
Magic:  3/3        EV:  9    Int:  5    God:
Gold:   165        SH:  4    Dex: 12    Spells: 3/3 levels left

rFire   + . .        k - +4 mace (pain)
rCold   + + .        c - +0 buckler
rNeg    . . .        b - +0 scale mail
rPois   +            (helmet restricted)
rElec   +            (no cloak)
rCorr   +            (no gloves)
SInv    .            (no boots)
Will    .....        n - amulet of magic regeneration Stlth
                     p - ring of protection from cold
HPRegen 0.26/turn    (no ring)
MPRegen 0.48/turn

%: no passive effects
@: resistant, fragile (+50% incoming damage), hasted, very quick
A: horns 2, retaliatory headbutt
a: no special abilities


You were on level 2 of the Dungeon.
You visited 1 branch of the dungeon, and saw 2 of its levels.

You collected 165 gold pieces.

Inventory:

Hand Weapons
 k - a +4 mace of pain (weapon)
Armour
 b - a +0 scale mail (worn)
 c - a +0 buckler (worn)
Jewellery
 n - an amulet of magic regeneration (around neck)
 p - a ring of protection from cold (left hand)
Scrolls
 g - a scroll of brand weapon {unknown}
 h - 2 scrolls of identify {unknown}
 i - a scroll of fear {unknown}
 l - a scroll of blinking {unknown}
 m - a scroll of fog {unknown}
 o - 2 scrolls of immolation {unknown}
Potions
 a - 2 potions of haste
 d - a potion of might
 e - a potion of lignification {unknown}
 f - a potion of ambrosia {unknown}
 j - 2 potions of curing {unknown}


   Skills:
 - Level 3.6 Fighting
 + Level 5.6 Maces & Flails
 - Level 3.6 Armour
 - Level 3.6 Shields


You had 3 spell levels left.
You didn't know any spells.
Your spell library was empty.

Dungeon Overview and Level Annotations

Branches:
Dungeon (2/15)

Altars:

Annotations:
D:2 Crazy Yiuf


Innate Abilities, Weirdness & Mutations

You have a pair of horns on your head.
You reflexively headbutt those who attack you in melee.


Message History

Found 18 gold pieces.
Found a stone staircase leading up.
The bat closely misses you.
You see here a ring of protection from cold.
You hit the bat.
You kill the bat!
p - a ring of protection from cold
p - a ring of protection from cold (left hand)
You now have 147 gold pieces (gained 9).
Found a stone staircase leading up.
You now have 165 gold pieces (gained 18).
A hobgoblin comes into view.
The hobgoblin shouts!
The hobgoblin moves out of view.
Found a whip.
The hobgoblin hits you.
You closely miss the hobgoblin. The hobgoblin closely misses you.
You closely miss the hobgoblin. The hobgoblin closely misses you.
You hit the hobgoblin.
You kill the hobgoblin!
j - 2 fizzy sapphire potions (gained 1)
You see here a hobgoblin corpse.
Found 9 stones.
Found a hammer.
Found a runed translucent door.
Crazy Yiuf shouts!
You open the door. You hit Crazy Yiuf.
Crazy Yiuf is moderately wounded.
Crazy Yiuf hits you with a +2 quarterstaff of chaos!
Your body becomes as fragile as glass!
You completely miss Crazy Yiuf.
Crazy Yiuf is moderately wounded.
Crazy Yiuf hits you with a +2 quarterstaff of chaos!
Crazy Yiuf freezes you.
You hit Crazy Yiuf but do no damage. Your headbutt misses Crazy Yiuf.
Crazy Yiuf is moderately wounded.
Crazy Yiuf hits you with a +2 quarterstaff of chaos!
* * * LOW HITPOINT WARNING * * *
You feel protected.
It was a potion of haste.
You feel yourself speed up.
Crazy Yiuf hits you with a +2 quarterstaff of chaos.
You die...

.####.....####....#
...#.......# #....#
##.........# ♣....♣
#.........# ♣...♣♣
#.........# ♣♣.♣♣
#.........# ♣.♣♣
#........# ♣♣.♣
###........# ♣.♣♣
...........# ♣♣@♣
###........# #g#
###........# ...
...........# #...#
#.†#.......# #..)#
.†(#.......# #####
.###......##
....###.######
##..#........#


You could see Crazy Yiuf.

Vanquished Creatures
  Terence (D:2)
  An adder (D:2)
  3 ribbon worms (D:2)
  2 dart slugs (D:1)
  4 ball pythons
  2 endoplasms
  2 giant cockroaches (D:1)
  A goblin (D:1)
  4 hobgoblins
  6 jackals (D:2)
  A quokka (D:1)
  6 bats
  2 frilled lizards (D:2)
  4 kobolds (D:1)
  4 rats
43 creatures vanquished.

Notes
Turn   | Place    | Note
-------+----------+-------------------------------------------
     0 | D:1      | Econoterrorist the Minotaur Fighter began the quest for the
                  | Orb.
     0 | D:1      | Reached XP level 1. HP: 19/19 MP: 0/0
    97 | D:1      | Reached skill level 3 in Maces & Flails
   163 | D:1      | Reached XP level 2. HP: 25/26 MP: 1/1
   285 | D:1      | Reached skill level 4 in Maces & Flails
   915 | D:2      | Noticed Terence
   926 | D:2      | Killed Terence
   927 | D:2      | Reached XP level 3. HP: 14/31 MP: 2/2
   936 | D:2      | Reached skill level 5 in Maces & Flails
  1159 | D:2      | Reached XP level 4. HP: 39/39 MP: 3/3
  1349 | D:2      | Found Basob's Antique Armour Boutique.
  1496 | D:2      | Found a runed translucent door.
  1497 | D:2      | Noticed Crazy Yiuf
  1504 | D:2      | Slain by Crazy Yiuf

Illustrated notes

Levels and vault maps discovered:
D:1:      eino_arrival_cavern_d, layout_basic
D:2:      layout_rooms, serial_shops, nicolae_shop_advertising_works
          [nicolae_subvault_shop_adworks], hex_large, minmay_pentomino_v2,
          uniq_crazy_yiuf_cottage, uniq_terence

Skill      XL: |  1  2  3 |
---------------+----------+-----
Maces & Flails | 3 4 5 |  5.6
Fighting       | |  3.6
Armour         | |  3.6
Shields        | |  3.6

Action                     |  1- 3 |  4- 6 || total
---------------------------+-------+-------++-------
  Melee: Flail             |    70 |       ||    70
         Headbutt          |    13 |     3 ||    16
         Mace              |     5 |    22 ||    27
    Use: Potion            |       |     1 ||     1
 Armour: Scale mail        |    45 |    19 ||    64
  Dodge: Dodged            |    36 |    16 ||    52
  Block: Buckler           |    16 |     4 ||    20
